 Dungeon Crawl Stone Soup version 0.20.0-15-g7f486f2 (webtiles) character file.

25 rezek the Conjurer (level 3, -1/19 HPs)
             Began as a Tengu Conjurer on June 26, 2017.
             Slain by a rat (3 damage)
             ... on level 2 of the Dungeon.
             The game lasted 00:02:33 (1153 turns).

rezek the Conjurer (Tengu Conjurer)                 Turns: 1153, Time: 00:02:34

Health: -1/19      AC:  2    Str:  8    XL:     3   Next: 6%
Magic:  1/7        EV: 13    Int: 15    God:
Gold:   44         SH:  0    Dex: 15    Spells: 3/6 levels left

rFire    . . .     SeeInvis .   k - +0 whip
rCold    . . .     Gourm    .   (no shield)
rNeg     . . .     Faith    .   a - +0 robe
rPois    .         Spirit   .   (helmet restricted)
rElec    .         Reflect  .   (no cloak)
rCorr    .         Harm     .   (no gloves)
MR       +....                  (boots unavailable)
Stlth    ++........             (no amulet)
Regen    0.1/turn               e - ring of protection from magic
MPRegen  0.1/turn               (no ring)

@: lethally poisoned (-1 -> -7)
A: beak, talons 3
a: no special abilities


You were on level 2 of the Dungeon.
You were not hungry.

You visited 1 branch of the dungeon, and saw 2 of its levels.

You collected 44 gold pieces.

Inventory:

Hand Weapons
 k - a +0 whip (weapon)
Armour
 a - a +0 robe (worn)
Jewellery
 e - a ring of protection from magic (left hand)
Scrolls
 g - a scroll of magic mapping {unknown}
 h - a scroll of identify {unknown}
 i - a scroll of teleportation {unknown}
Potions
 d - a potion of haste {unknown}
 f - a potion of brilliance {unknown}
Books
 b - a book of Conjurations

   Spells                             Type                      Level
   a - Magic Dart                     Conjuration                  1
   b - Searing Ray                    Conjuration                  2
   c - Dazzling Spray                 Conjuration/Hexes            3
   d - Fulminant Prism                Conjuration/Hexes            4
   e - Force Lance                    Conjuration/Translocation    4
   f - Iskenderun's Mystic Blast      Conjuration                  4
Comestibles
 c - a bread ration


   Skills:
 + Level 0.4 Maces & Flails
 - Level 2.1 Dodging
 - Level 2.0 Stealth
 + Level 2.1 Spellcasting
 + Level 6.3 Conjurations


You had 3 spell levels left.
You knew the following spells:

 Your Spells              Type           Power        Failure   Level  Hunger
a - Magic Dart            Conj           ###.         1%          1    #......
b - Searing Ray           Conj           ###...       2%          2    ###....


Dungeon Overview and Level Annotations

Branches:
Dungeon (2/15)

Altars:


Innate Abilities, Weirdness & Mutations

You have a beak for a mouth.
You have claws for feet.


Message History

The searing ray hits the adder.
You kill the adder!
You have reached level 3!
Your experience leads to an increase in your attributes!
Increase (S)trength, (I)ntelligence, or (D)exterity?
You feel agile.
You feel sick. The rat closely misses you.
The searing ray misses the frilled lizard.
You finish channeling your searing ray.
The frilled lizard barely misses you. The rat closely misses you.
You closely miss the frilled lizard.
You feel sick. The rat misses you.
The frilled lizard bites you but does no damage.
You closely miss the frilled lizard. Your peck misses the frilled lizard.
The rat closely misses you. The frilled lizard bites you.
* * * LOW HITPOINT WARNING * * *
You hit the frilled lizard.
You kill the frilled lizard!
* * * LOW HITPOINT WARNING * * *
You feel sick. The rat bites you.
You die...

#.# #.#.# #.# #.# #.#.#
#.# #.# #.#.#####.#
#.########.#......<# #
#.#.............##.# ..
#.#................#
#.##.##.#.............##.#
........#)............####
........†@..............
....>...r................
.........................
.......##.............###
....... #..............
....... #!.........
....... #......... .....
#........


You could see a rat.

Vanquished Creatures
  An adder (D:2)
  A leopard gecko (D:1)
  3 bats
  2 goblins (D:1)
  4 hobgoblins (D:1)
  2 frilled lizards
  A kobold (D:1)
  2 rats
16 creatures vanquished.

Notes
Turn   | Place    | Note
-------+----------+-------------------------------------------
     0 | D:1      | rezek the Tengu Conjurer began the quest for the Orb.
     0 | D:1      | Reached XP level 1. HP: 10/10 MP: 4/4
   174 | D:1      | Reached XP level 2. HP: 15/15 MP: 0/6
   186 | D:1      | Learned a level 2 spell: Searing Ray
   391 | D:1      | Reached skill level 6 in Conjurations
  1149 | D:2      | Reached XP level 3. HP: 7/19 MP: 3/7
  1153 | D:2      | Slain by a rat

Skill      XL: |  1  2 |
---------------+-------+-----
Conjurations   | 6 |  6.3
Maces & Flails | |  0.4
Dodging        | |  2.1
Stealth        | |  2.0
Spellcasting   | |  2.1

Action                   || total
-------------------------++-------
Melee: Mace              ||    12
       Dagger            ||    12
       Peck              ||     4
       Kick              ||     3
       Whip              ||     3
 Cast: Magic Dart        ||    14
       Searing Ray       ||     1
 Stab: Sleeping          ||     1
  Eat: Chunk             ||     1
Armor: Robe              ||     5
Dodge: Dodged            ||    18
